 Dungeon Crawl Stone Soup version 0.31.0-32-g396128a36d (webtiles) character file.

Game seed: 12927278227637027350

1207 boopmooplesden the Covered (level 8, -6/67 HPs)
             Began as an Armataur Fighter on Mar 21, 2024.
             Killed by nerve-wracking pain
             ... invoked by Menkaure
              (9 damage)
             ... on level 5 of the Dungeon.
             The game lasted 00:06:15 (4234 turns).

boopmooplesden the Covered (Armataur Fighter)       Turns: 4234, Time: 00:06:15

Health: -6/67      AC: 12    Str: 23    XL:     8   Next: 21%
Magic:  17/17      EV:  6    Int:  8    God:
Gold:   206        SH:  5    Dex: 11    Spells: 7/7 levels left

rFire   + . .        a - +2 long sword
rCold   + . .        c - +0 buckler
rNeg    . . .        i - +0 chain mail
rPois   +            (no helmet)
rElec   +            g - +0 cloak
rCorr   +            l - +0 pair of gloves
SInv    .            (no barding)
Will    .....        (no amulet) Stlth
                     r - ring of magical power
HPRegen 0.31/turn    (no ring)
MPRegen 0.15/turn

%: roll
@: resistant
A: large, deformed body, tough skin 3, armoured tail, roll 2
a: no special abilities


You were on level 5 of the Dungeon.
You visited 1 branch of the dungeon, and saw 5 of its levels.
You also visited: Sewer.

You collected 206 gold pieces.

Inventory:

Hand Weapons
 a - a +2 long sword (weapon)
Armour
 b - a +0 scale mail
 c - a +0 buckler (worn)
 g - a +0 cloak (worn)
 i - a +0 chain mail (worn)
 l - a +0 pair of gloves (worn)
Jewellery
 r - a ring of magical power (left hand)
Talismans
 v - a serpent talisman
 w - a beast talisman
Wands
 o - a wand of charming (21)
 q - a wand of roots (7)
Scrolls
 e - 6 scrolls of teleportation
 n - 3 scrolls of noise
 x - a scroll of acquirement {unknown}
 y - a scroll of blinking {unknown}
Potions
 d - a potion of mutation {unknown}
 f - a potion of brilliance
 h - a potion of cancellation {unknown}
 j - a potion of ambrosia {unknown}
 k - a potion of attraction {unknown}
 m - 2 potions of invisibility {unknown}
 p - a potion of magic {unknown}
 s - 3 potions of haste {unknown}
 u - a potion of degeneration {unknown}
 z - a potion of curing {unknown}


   Skills:
 + Level 4.5 Fighting
 + Level 5.9 Long Blades
 + Level 7.1 Armour
 + Level 1.4 Dodging
 + Level 0.8 Stealth
 + Level 4.5 Shields


You had 7 spell levels left.
You didn't know any spells.
Your spell library contained the following spells:

 Spells                   Type           Power      Damage    Failure   Level
 Apportation              Tloc           0%         N/A       95%         1
 Kiss of Death            Conj/Necr      0%         2d5       95%         1
 Necrotise                Necr           0%         1d4       95%         1
 Sting                    Conj/Alch      0%         1d3       95%         1
 Summon Small Mammal      Summ           0%         N/A       95%         1
 Call Imp                 Summ           0%         N/A       99%         2
 Cigotuvi's Dreadful Rot  Necr/Alch/Air  0%         N/A       99%         2
 Sublimation of Blood     Necr           0%         N/A       99%         2
 Confusing Touch          Hex            0%         N/A       100%        3
 Volatile Blastmotes      Fire/Tloc      0%         2d10      100%        3
 Dispel Undead            Necr           0%         3d6       100%        4
 Fulminant Prism          Conj/Alch      0%         3d5       100%        4
 Ignite Poison            Fire/Alch      0%         N/A       100%        4
 Iskenderun's Mystic Bla  Conj/Tloc      0%         2d3       100%        4
 Freezing Cloud           Conj/Ice/Air   0%         6-21      100%        5
 Summon Hydra             Summ           0%         N/A       100%        7


Dungeon Overview and Level Annotations

Branches:
Dungeon (5/15)              Sewer (visited)
 Temple: D:4-7

Altars:
Dithmenos

Shops:
D:2 *   D:3 *

Annotations:
D:5 Menkaure


Innate Abilities, Weirdness & Mutations

Armour fits poorly on your strangely shaped body.
You have extremely tough skin. (AC +3)
You have a long armoured tail.
You regenerate magic and health when rolling toward enemies. (Rampage Regen)


Message History

You slash Sigmund! You tail-slap Sigmund.
Sigmund is severely wounded.
Sigmund barely misses you.
You hit Sigmund.
Sigmund is almost dead.
Sigmund hits you with a +0 scythe of protection!
You hit Sigmund but do no damage.
Your tail-slap misses Sigmund.
Sigmund is almost dead.
Sigmund hits you but does no damage.
You closely miss Sigmund.
Sigmund is almost dead.
You slash Sigmund!
You kill Sigmund!
Your Armour skill increases to level 7!
You hit Menkaure but do no damage. Menkaure hits you!!
The orc hits you but does no damage.
You slash Menkaure!
Menkaure is moderately damaged.
The orc hits you but does no damage. Menkaure hits you!
You hit Menkaure.
Menkaure is heavily damaged.
The orc barely misses you. Menkaure hits you!
* * * LOW HITPOINT WARNING * * *
You hit Menkaure.
Menkaure is severely damaged.
The orc barely misses you. Menkaure breathes soot at you.
Menkaure casts a spell at you. Pain shoots through your body!
* * * LOW HITPOINT WARNING * * *
You block the orc's attack.
You barely miss Menkaure.
Menkaure is severely damaged.
Menkaure points at you and mumbles some strange words.
You struggle to resist.
You block the orc's attack.
You hit Menkaure.
Menkaure is almost destroyed.
Menkaure points at you and mumbles some strange words.
Pain shoots through your body!
You die...

.# # ..# # ###.##.#
# #.M....# #
#.#....# # #.# .M.#
# #o# ..o. #
#M#################
#.@................
###################


You could see Menkaure and an orc.

Vanquished Creatures
  Grinder (D:5)
  Sigmund (D:5)
  Pargi (Sewer)
  2 ice beasts
  A black bear (D:3)
  2 brain worms (Sewer)
  A scorpion (D:5)
  2 orc priests (D:4)
  An iguana (D:4)
  An orc wizard (D:4)
  4 adders (D:4)
  7 gnolls
  3 dart slugs
  4 ribbon worms
  12 orcs
  9 ball pythons
  3 endoplasms
  6 giant cockroaches
  5 goblins
  7 hobgoblins
  2 quokkas
  A bat (D:3)
  9 frilled lizards
  7 kobolds
  3 rats
95 creatures vanquished.

Vanquished Creatures (others)
  An orc (D:5)
1 creature vanquished.

Grand Total: 96 creatures vanquished

Notes
Turn   | Place    | Note
-------+----------+-------------------------------------------
     0 | D:1      | boopmooplesden the Armataur Fighter began the quest for the
                  | Orb.
     0 | D:1      | Reached XP level 1. HP: 18/18 MP: 1/1
   796 | D:2      | Found Iczeivei's General Store.
   800 | D:2      | Reached XP level 2. HP: 23/25 MP: 2/2
  1006 | D:2      | Reached skill level 4 in Armour
  1183 | D:2      | Reached XP level 3. HP: 28/31 MP: 3/3
  1491 | D:2      | Reached skill level 1 in Dodging
  1613 | D:3      | Reached XP level 4. HP: 38/38 MP: 4/4
  1866 | D:3      | Found Deudoigai's Assorted Antiques.
  1934 | D:3      | Noticed a black bear
  1944 | D:3      | Killed a black bear
  1945 | D:3      | Reached XP level 5. HP: 22/45 MP: 5/5
  2472 | D:4      | Reached XP level 6. HP: 47/51 MP: 6/6
  2476 | D:4      | Reached skill level 5 in Armour
  2484 | D:4      | Found a shadowy altar of Dithmenos.
  2628 | D:4      | Found a glowing drain.
  2678 | Sewer    | Entered a sewer
  2807 | Sewer    | Noticed Pargi
  2828 | Sewer    | Killed Pargi
  2833 | Sewer    | Gained mutation: You regenerate magic and health when
                  | rolling toward enemies. (Rampage Regen) [Armataur growth]
  2833 | Sewer    | Reached XP level 7. HP: 8/58 MP: 0/7
  3465 | D:5      | Entered Level 5 of the Dungeon
  3537 | D:5      | Reached skill level 5 in Long Blades
  3537 | D:5      | Reached skill level 6 in Armour
  3847 | D:5      | Noticed a steam dragon
  4027 | D:5      | Noticed Grinder
  4040 | D:5      | Paralysed by Grinder for 5 turns
  4055 | D:5      | Killed Grinder
  4128 | D:5      | Reached XP level 8. HP: 57/67 MP: 8/8
  4212 | D:5      | Noticed Sigmund
  4213 | D:5      | Noticed Menkaure
  4228 | D:5      | Killed Sigmund
  4229 | D:5      | Reached skill level 7 in Armour
  4232 | D:5      | HP: 3/67 [Menkaure/nerve-wracking pain (11)]
  4234 | D:5      | Killed from afar by Menkaure

Illustrated notes

Levels and vault maps discovered:
D:1:      wander_arrival_estate, layout_basic
D:2:      layout_loops_cross, serial_shops, shop
D:3:      layout_basic, serial_shops, shop
D:4:      layout_loops_ring, nicolae_dithmenos_through_a_glass_darkly,
          gup_sewer_entry_glass
D:5:      layout_basic, nicolae_tricolors, uniq_sigmund, uniq_grinder,
          uniq_menkaure

Skill      XL: |  1  2  3  4  5  6  7  8 |
---------------+-------------------------+-----
Long Blades    | 2 3 4 5 |  5.9
Fighting       | 3 4 |  4.5
Armour         | 4 5 6 7 |  7.1
Dodging        | 1 |  1.4
Shields        | 4 |  4.5
Stealth        | |  0.8

Action                     |  1- 3 |  4- 6 |  7- 9 || total
---------------------------+-------+-------+-------++-------
  Melee: Long sword        |   102 |   169 |    82 ||   353
         Tailslap          |    11 |    22 |     8 ||    41
    Use: Potion            |     1 |     6 |     1 ||     8
         Scroll            |       |     4 |     3 ||     7
 Armour: Scale mail        |    22 |       |       ||    22
         Chain mail        |    68 |   189 |    62 ||   319
  Dodge: Dodged            |    23 |    54 |    16 ||    93
  Block: Buckler           |    15 |    43 |    14 ||    72
